 Dungeon Crawl Stone Soup version 0.31-a0-795-g5eb97db20b (webtiles) character file.

Game seed: 2799703063423071412

65 freelancePsychic the Insei (level 4, -8/33 HPs)
             Began as a Djinni Shapeshifter on Sept 18, 2023.
             Splashed by a jelly's acid (10 damage)
             ... on level 4 of the Dungeon.
             The game lasted 00:04:31 (2447 turns).

freelancePsychic the Insei (Djinni Shapeshifter)    Turns: 2447, Time: 00:04:32

Health: -8/33      AC: -6    Str: 13    XL:     4   Next: 34%
Gold:   136        EV: 12    Int: 13    God:
                   SH:  0    Dex: 13

rFire   + + .        b - +1 dagger (elec)
rCold   x . .        (no shield)
rNeg    . . .        a - +0 animal skin
rPois   ∞            (helmet currently unavailable)
rElec   .            (cloak currently unavailable)
rCorr   .            (gloves currently unavailable)
SInv    .            (boots unavailable)
Will    .....        (no amulet)
Stlth   +            (no ring)
HPRegen 0.25/turn    (no ring)
MPRegen 0.00/turn

%: infuse magic (-9 HP)
@: beast-form, corroded, flying
A: beast (slay +1), flying, sickness immunity, fire resistance 2, cold
vulnerability 1, float, innate caster, HP casting, extra vitality 1
a: Begin Untransformation


You were on level 4 of the Dungeon.
You were a hulking beast.
You visited 1 branch of the dungeon, and saw 4 of its levels.

You collected 136 gold pieces.

Inventory:

Hand Weapons
 b - a +1 dagger of electrocution (weapon)
Armour
 a - a +0 animal skin (worn)
 g - a +0 helmet
Jewellery
 j - a ring of see invisible
Talismans
 c - a beast talisman (active)
 d - a flux talisman
Scrolls
 h - 2 scrolls of identify {@r1}
Potions
 e - 2 potions of attraction {unknown}
 k - 2 potions of curing {@q1}
 l - a potion of magic {unknown}


   Skills:
 + Level 2.2 Fighting
 * Level 1.0 Short Blades
 - Level 2.5 Dodging
 - Level 3.3 Unarmed Combat
 - Level 0.5 Spellcasting
 - Level 0.5 Conjurations
 - Level 0.5 Hexes
 - Level 0.5 Summonings
 - Level 0.5 Necromancy
 - Level 0.5 Translocations
 - Level 0.5 Transmutations
 - Level 0.5 Fire Magic
 - Level 0.5 Ice Magic
 - Level 0.5 Air Magic
 - Level 0.5 Earth Magic
 - Level 0.5 Poison Magic
 - Level 2.9 Shapeshifting


You knew the following spells:

 Your Spells              Type           Power      Damage    Failure   Level
a - Necrotise             Necr           4%         1d4       24%         1
Your spell library was empty.

Dungeon Overview and Level Annotations

Branches:
Dungeon (4/15)
 Temple: D:4-7

Altars:
Fedhas

Shops:
D:2 (   D:3 :


Innate Abilities, Weirdness & Mutations

You are a hulking beast.
Your limbs bulge with bestial killing power. (Slay +1)
You are flying.
You are immune to sickness and miasma.
You are immune to poison.
Your flesh is very heat resistant. (rF++)
You are vulnerable to cold. (rC-)
You float through the air rather than walking.
You learn spells naturally, not from books.
Your magical power is your life essence.
You have superior vitality. (+4 MHP)


Message History

Aiming: Necrotise (safe; 24% risk of failure)
Press: ? - help, Shift-Dir - straight line, f/p - jelly
Aim: a jelly (chance to affect: 45%)
The jelly writhes in agony.
Casting: Necrotise (safe; 24% risk of failure)
Confirm with . or Enter, or press ? or * to list all spells.
Aiming: Necrotise (safe; 24% risk of failure)
Press: ? - help, Shift-Dir - straight line, f/p - jelly
Aim: a jelly (lightly wounded, chance to affect: 45%)
The jelly resists with some effort.
The jelly hits you.
You are splashed with acid!
Casting: Necrotise (safe; 24% risk of failure)
Confirm with . or Enter, or press ? or * to list all spells.
Aiming: Necrotise (safe; 24% risk of failure)
Press: ? - help, Shift-Dir - straight line, f/p - jelly
Aim: a jelly (lightly wounded, chance to affect: 45%)
The jelly writhes in agony.
The jelly hits you.
You are splashed with acid!
Casting: Necrotise (safe; 24% risk of failure)
Confirm with . or Enter, or press ? or * to list all spells.
Aiming: Necrotise (safe; 24% risk of failure)
Press: ? - help, Shift-Dir - straight line, f/p - jelly
Aim: a jelly (moderately wounded, chance to affect: 45%)
The jelly resists with some effort.
* * * LOW HITPOINT WARNING * * *
The jelly misses you.
Casting: Necrotise (safe; 24% risk of failure)
Confirm with . or Enter, or press ? or * to list all spells.
Aiming: Necrotise (safe; 24% risk of failure)
Press: ? - help, Shift-Dir - straight line, f/p - jelly
Aim: a jelly (moderately wounded, chance to affect: 45%)
The jelly resists with some effort.
* * * LOW HITPOINT WARNING * * *
The jelly closely misses you.
You hit the jelly. The acid corrodes you!
Your hands burn!
* * * LOW HITPOINT WARNING * * *
The jelly is heavily wounded.
The jelly hits you.
* * * LOW HITPOINT WARNING * * *
The acid corrodes you!
You are splashed with acid!
You die...

...g.J.#.# ....##.#.#
....##.#.#
....##.#.############
###.##.#....J.......#
#.##......####.####
#.#######.# #g# #.
#.# #J# ..# #h#
........# #########


You could see a jelly and a hobgoblin.

Vanquished Creatures
  A dart slug (D:3)
  5 orcs
  2 ball pythons (D:1)
  An endoplasm (D:2)
  3 giant cockroaches
  11 goblins
  7 hobgoblins
  2 kobolds (D:3)
  5 quokkas
  3 bats
  3 frilled lizards
  9 rats
52 creatures vanquished.

Notes
Turn   | Place    | Note
-------+----------+-------------------------------------------
     0 | D:1      | freelancePsychic the Djinni Shapeshifter began the quest
                  | for the Orb.
     0 | D:1      | Reached XP level 1. HP: 17/17 MP: 0/0
   163 | D:1      | Reached XP level 2. HP: 20/22 MP: 0/0
   329 | D:1      | Found a faded altar of an unknown god.
   664 | D:1      | Reached XP level 3. HP: 24/27 MP: 0/0
   664 | D:1      | Learned a level 1 spell: Necrotise
   903 | D:2      | Found Gucaoce's Weapon Boutique.
  1967 | D:3      | Reached XP level 4. HP: 33/33 MP: 0/0
  2253 | D:3      | Found Duolucwe's Book Boutique.
  2329 | D:3      | Reached skill level 1 in Short Blades
  2340 | D:3      | Found a blossoming altar of Fedhas.
  2392 | D:4      | Noticed a black bear
  2447 | D:4      | Splashed by a jelly's acid

Illustrated notes

Levels and vault maps discovered:
D:1:      minmay_arrival_four_loops, layout_loops_ring, basic_ecumenical_altar,
          chequers_serial_rivers_micro_c
D:2:      layout_basic, serial_glass, glass_columns_a, glass_columns_b,
          serial_shops, shop
D:3:      layout_rooms, mainiacjoe_overflow_six_doors_small, serial_shops,
          nicolae_shop_real_fake_doors
D:4:      cheibrodos_barr_body, layout_basic, minmay_temple_entry_large_hall

Skill      XL: |  1  2  3  4 |
---------------+-------------+-----
Fighting       | 2 |  2.2
Short Blades   | 1 |  1.0
Dodging        | |  2.5
Unarmed Combat | |  3.3
Spellcasting   | |  0.5
Conjurations   | |  0.5
Hexes          | |  0.5
Summonings     | |  0.5
Necromancy     | |  0.5
Translocations | |  0.5
Transmutations | |  0.5
Fire Magic     | |  0.5
Ice Magic      | |  0.5
Air Magic      | |  0.5
Earth Magic    | |  0.5
Poison Magic   | |  0.5
Shapeshifting  | |  2.9

Action                     |  1- 3 |  4- 6 || total
---------------------------+-------+-------++-------
  Melee: Unarmed           |   109 |       ||   109
         Punch             |     4 |     1 ||     5
         Dagger            |     2 |    29 ||    31
   Cast: Necrotise         |    16 |     7 ||    23
    Use: Potion            |     1 |     3 ||     4
         Scroll            |       |     4 ||     4
   Stab: Sleeping          |     2 |       ||     2
 Armour: Animal skin       |    56 |    19 ||    75
         Skin              |     2 |       ||     2
  Dodge: Dodged            |    70 |    17 ||    87

Table legend: (Time is in decaauts)
 A = Elapsed time spent in this place.
 B = Non-inter-level travel time spent in this place.
 C = Inter-level travel time spent in this place.
 D = Time resting spent in this place.
 E = Time spent auto-exploring this place.
 F = Levels seen in this place.
 G = Mean time per level.
                   A        B        C        D        E       F      G
               +--------+--------+--------+--------+--------+-----+--------+
         Total |   2440 |   2356 |     84 |    115 |   1821 |   4 |  610.0 |
       Dungeon |   2440 |   2356 |     84 |    115 |   1821 |   4 |  610.0 |
               +--------+--------+--------+--------+--------+-----+--------+

Top non-repeatable levels by time:
     D:2: 834 daAuts
     D:1: 814 daAuts
     D:3: 754 daAuts
     D:4: 36 daAuts
